 Dungeon Crawl Stone Soup version 0.31-a0-263-ge8cad7f256 (webtiles) character file.

Game seed: 3229142863976588569

9676 qw the Skirmisher (level 11, -3/99 HPs)
             Began as a Minotaur Hexslinger on July 13, 2023.
             Was a Priest of Okawaru.
             Succumbed to a cane toad's poison
             ... on level 1 of the Lair of Beasts.
             The game lasted 00:04:34 (11908 turns).

qw the Skirmisher (Minotaur Hexslinger)            Turns: 11908, Time: 00:04:34

Health: -3/99      AC: 14    Str: 12    XL:     11   Next: 26%
Magic:  13/13      EV: 19    Int: 10    God:    Okawaru [***...]
Gold:   568        SH:  0    Dex: 24    Spells: 11/12 levels left

rFire   . . .        Y - +0 longbow
rCold   . . .        (shield currently unavailable)
rNeg    . . .        k - +1 ring mail {rPois}
rPois   +            (helmet restricted)
rElec   .            b - +2 cloak
rCorr   .            w - +2 pair of gloves
SInv    +            (no boots)
Will    .....        (no amulet)
Stlth   +++          f - ring of see invisible
HPRegen 0.36/turn    d - +6 ring of dexterity
MPRegen 0.13/turn

%: no passive effects
@: lethally poisoned (-3 -> -26), heroic
A: horns 2, retaliatory headbutt
a: Renounce Religion, Heroism


You were on level 1 of the Lair of Beasts.
You worshipped Okawaru.
Okawaru was most pleased with you.
You visited 3 branches of the dungeon, and saw 12 of its levels.

You collected 764 gold pieces.
You spent 196 gold pieces at shops.


Innate Abilities, Weirdness & Mutations

You have a pair of horns on your head.
You reflexively headbutt those who attack you in melee.


   Skills:
 - Level 10.0(15.0) Fighting
 + Level 14.5(19.5) Ranged Weapons
 - Level 4.0(9.0) Armour
 - Level 7.1(12.1) Dodging
 - Level 1.0 Spellcasting
 - Level 2.0 Hexes
 - Level 4.1 Invocations


You had 11 spell levels left.
You knew the following spells:

 Your Spells              Type           Power      Damage    Failure   Level
a - Slow                  Hex            16%        N/A       28%         1

Your spell library contained the following spells:

 Spells                   Type           Power      Damage    Failure   Level
 Inner Flame              Hex/Fire       2%         N/A       78%         3
 Portal Projectile        Hex/Tloc       4%         N/A       78%         3
 Cause Fear               Hex            2%         N/A       96%         4

Inventory:

Hand Weapons
 Y - a +0 longbow (weapon)
Armour
 b - a +2 cloak (worn)
 g - +0 acid dragon scales
 h - a +2 robe of willpower
 k - a +1 ring mail of poison resistance (worn)
 p - a +2 ring mail of cold resistance
 w - a +2 pair of gloves (worn)
Jewellery
 d - a +6 ring of dexterity (right hand)
 f - a ring of see invisible (left hand)
 r - a ring of resist corrosion
Wands
 m - a wand of digging (9)
Scrolls
 e - a scroll of identify
Potions
 a - 4 potions of curing
 c - 3 potions of haste
 j - a potion of enlightenment
 o - a potion of cancellation {unknown}
 u - a potion of lignification {unknown}
 v - a potion of might {unknown}
 x - a potion of mutation {unknown}

Dungeon Overview and Level Annotations

Branches:
Dungeon (10/15)            Temple (1/1) D:5            Lair (1/5) D:10
    Orc: D:9-12

Altars:
Ashenzari
Cheibriados
Dithmenos
Elyvilon
Fedhas
Gozag
Hepliaklqana
Kikubaaqudgha
Makhleb
Nemelex Xobeh
Okawaru
Qazlal
Ru
Sif Muna
Trog
Uskayaw
Vehumet
Wu Jian
Xom
Yredelemnul
Zin
The Shining One

Shops:
D:5 [[

Annotations:
D:2 1 runed translucent door, Crazy Yiuf
D:6 1 runed translucent door, qw's ghost, novice MiHs


Message History

The water moccasin bites you but does no damage.
The cane toad closely misses you.
11903 ||| DRINKING potion of heal wounds.
You feel much better.
You feel very sick. The water moccasin closely misses you.
You furiously retaliate!
You headbutt the water moccasin! The cane toad stings you.
The cane toad misses you. The water moccasin closely misses you.
The cane toad barely misses you.
You shoot an arrow. The arrow hits the water moccasin!!!
You kill the water moccasin!
Okawaru accepts your kill.
You feel very sick. The cane toad completely misses you.
The water moccasin bites you but does no damage.
The cane toad completely misses you.
You shoot an arrow. The arrow hits the cane toad.
The cane toad is moderately wounded.
You feel very sick. The cane toad closely misses you.
The water moccasin bites you. The cane toad misses you.
You shoot an arrow. The arrow hits the cane toad!!
The cane toad is severely wounded.
You feel very sick.
The water moccasin bites you but does no damage.
The cane toad completely misses you. You furiously retaliate!
You headbutt the cane toad. The cane toad barely misses you.
You shoot an arrow.
The arrow hits the cane toad but does no damage.
The cane toad is almost dead.
You feel very sick. The water moccasin closely misses you.
The cane toad stings you but does no damage.
The cane toad stings you!
You are more poisoned.
The cane toad poisons you!
You shoot an arrow. The arrow hits the cane toad!!
You kill the cane toad!
Okawaru accepts your kill.
You die...

........ ......#
...... .... P..#
## #..#
.####.##%.######
........@.......
.......S%F......
#######...#PP.##
#..## ### #..#
.... .....
...P## ...##


You could see a cane toad and a water moccasin.

Vanquished Creatures
  2 two-headed ogres (D:9)
  A gargoyle (D:10)
  2 cane toads (Lair:1)
  A troll (D:9)
  A hornet (D:8)
  Prince Ribbit (D:4)
  Sigmund (D:6)
  2 wraiths (D:10)
  A wyvern (D:8)
  6 yaks (D:10)
  Grum (D:8)
  A steam dragon (D:8)
  Edmund (D:6)
  Menkaure (D:7)
  An acid dragon (D:10)
  2 water moccasins
  Duvessa (D:7)
  4 ice beasts
  5 orc warriors
  A sky beast (D:7)
  2 black bears
  3 ogres
  3 wolves (D:8)
  4 centaurs
  2 phantoms
  Blork the orc (D:4)
  4 bullfrogs
  9 scorpions
  A gnoll sergeant (D:6)
  14 wights
  Dowan (D:7)
  A killer bee (D:8)
  6 howler monkeys
  An electric eel (D:6)
  A jelly (D:4)
  3 hounds
  A gnoll bouda (D:4)
  4 orc priests
  2 iguanas
  A sleepcap (D:4)
  Ijyb (D:5)
  Natasha (thrice) (D:4)
  7 orc wizards
  Robin (D:2)
  9 gnolls
  6 adders
  A river rat (D:5)
  A shadow imp (D:5)
  3 white imps
  3 ufetubi
  2 worms
  2 dart slugs (D:4)
  21 orcs
  10 ball pythons
  4 bats
  11 endoplasms
  3 giant cockroaches
  15 goblins
  2 hobgoblins (D:1)
  12 kobolds
  4 quokkas
  4 frilled lizards
  7 rats
232 creatures vanquished.

Vanquished Creatures (others)
  A human (D:4)
  An orc (D:8)
2 creatures vanquished.

Grand Total: 234 creatures vanquished

Notes
Turn   | Place    | Note
-------+----------+-------------------------------------------
     0 | D:1      | qw the Minotaur Hexslinger began the quest for the Orb.
     0 | D:1      | Reached XP level 1. HP: 16/16 MP: 1/1
     0 | D:1      | 0 ||| qw: Version: 0.3-a-52-g30416fa
     0 | D:1      | 0 ||| qw: Game counter: 7447
     0 | D:1      | 0 ||| qw: Melee chars always use a shield: true
     0 | D:1      | 0 ||| qw: God list: Okawaru
     0 | D:1      | 0 ||| qw: Allow faded altars: false
     0 | D:1      | 0 ||| qw: Do Orc after clearing Dungeon:15 true
     0 | D:1      | 0 ||| qw: Do second Lair branch before Depths: true
     0 | D:1      | 0 ||| qw: Lair rune preference: random
     0 | D:1      | 0 ||| qw: Goals: Normal
     0 | D:1      | 0 ||| PLANNING D:1-11
   266 | D:1      | Reached skill level 3 in Ranged Weapons
   266 | D:1      | Reached XP level 2. HP: 23/23 MP: 2/2
   588 | D:1      | 588 ||| UPGRADING to +0 ring mail.
   598 | D:1      | 598 ||| DROPPING +0 robe.
   599 | D:1      | 599 ||| UPGRADING to ring of resist corrosion.
   600 | D:1      | 600 ||| READING scroll labelled TEAL CONITOYTS.
   601 | D:1      | 601 ||| READING 2 scrolls labelled ISAOCE OCSO.
   602 | D:1      | 602 ||| READING scroll of enchant weapon.
   602 | D:1      | 602 ||| ENCHANTING +2 sling.
   603 | D:1      | 603 ||| DROPPING scroll of poison.
   643 | D:2      | Reached XP level 3. HP: 29/29 MP: 3/3
   879 | D:2      | Reached skill level 4 in Ranged Weapons
   996 | D:2      | Reached skill level 1 in Armour
  1065 | D:2      | Found a runed translucent door.
  1066 | D:2      | Noticed Crazy Yiuf
  1067 | D:2      | Identified the +11 hammer "Fozaev" {flame, Int+4}
  1147 | D:2      | Noticed Robin
  1158 | D:2      | HP: 5/29 [Robin/+0 spear (4)]
  1161 | D:2      | HP: 2/29 [Robin/+0 spear (2)]
  1163 | D:2      | Killed Robin
  1164 | D:2      | Reached XP level 4. HP: 3/36 MP: 4/4
  1164 | D:2      | 1164 ||| FLEEEEING.
  1165 | D:2      | 1165 ||| FLEEEEING.
  1166 | D:2      | 1166 ||| FLEEEEING.
  1167 | D:2      | 1167 ||| FLEEEEING.
  1168 | D:2      | 1168 ||| FLEEEEING.
  1169 | D:2      | 1169 ||| FLEEEEING.
  1185 | D:2      | 1185 ||| FLEEEEING.
  1190 | D:2      | 1190 ||| FLEEEEING.
  1198 | D:2      | 1198 ||| STAIRDANCE
  1287 | D:1      | 1287 ||| UPGRADING to +6 ring of dexterity.
  1288 | D:1      | 1288 ||| READING scroll labelled JOUNNO YLEA.
  1462 | D:2      | Found a faded altar of an unknown god.
  1839 | D:3      | Found an ornate altar of the Wu Jian Council.
  1941 | D:3      | 1941 ||| READING scroll labelled DIRARH VIRIOL.
  1942 | D:3      | 1942 ||| READING 2 scrolls labelled ESIOPPA RODA.
  1990 | D:3      | Reached skill level 5 in Ranged Weapons
  1994 | D:3      | 1994 ||| FLEEEEING.
  2328 | D:3      | 2328 ||| UPGRADING to +0 cloak.
  2333 | D:3      | 2333 ||| READING scroll labelled GANIUTW VAAMOE.
  2334 | D:3      | 2334 ||| READING scroll labelled LEOWOROCEKH.
  2335 | D:3      | 2335 ||| READING scroll labelled DUNUUC NADA.
  2336 | D:3      | 2336 ||| DRINKING 2 smoky sapphire potions.
  2475 | D:4      | Found a blossoming altar of Fedhas.
  2505 | D:4      | Reached skill level 3 in Fighting
  2505 | D:4      | Reached XP level 5. HP: 45/45 MP: 5/5
  2577 | D:4      | Noticed Natasha
  2580 | D:4      | 2580 ||| Stepping ~*~*~tactically~*~*~ (outnumbered).
  2581 | D:4      | 2581 ||| Stepping ~*~*~tactically~*~*~ (outnumbered).
  2584 | D:4      | Killed Natasha
  2593 | D:4      | Noticed Natasha
  2597 | D:4      | Killed Natasha
  2598 | D:4      | Reached skill level 6 in Ranged Weapons
  2700 | D:4      | Found an ancient bone altar of Kikubaaqudgha.
  2722 | D:4      | Reached XP level 6. HP: 45/52 MP: 6/6
  2758 | D:4      | Noticed an ice beast
  2766 | D:4      | Killed an ice beast
  2889 | D:4      | Reached skill level 7 in Ranged Weapons
  2900 | D:4      | 2900 ||| FLEEEEING.
  2901 | D:4      | 2901 ||| FLEEEEING.
  2902 | D:4      | 2902 ||| FLEEEEING.
  2903 | D:4      | 2903 ||| FLEEEEING.
  2904 | D:4      | 2904 ||| FLEEEEING.
  2905 | D:4      | 2905 ||| FLEEEEING.
  3202 | D:4      | Noticed a human
  3203 | D:4      | Killed a human
  3273 | D:4      | Noticed Natasha
  3289 | D:4      | Reached skill level 3 in Dodging
  3289 | D:4      | Reached XP level 7. HP: 52/59 MP: 7/7
  3321 | D:4      | 3321 ||| UPGRADING to +2 cloak.
  3331 | D:4      | 3331 ||| DROPPING +0 cloak.
  3332 | D:4      | 3332 ||| READING scroll labelled RARHUR GIRUANT.
  3333 | D:4      | 3333 ||| DRINKING 2 fizzy red potions.
  3334 | D:4      | 3334 ||| DRINKING 2 emerald potions.
  3335 | D:4      | 3335 ||| READING 2 scrolls of identify.
  3335 | D:4      | 3335 ||| IDENTIFYING metallic cyan potion
  3336 | D:4      | 3336 ||| DROPPING potion of degeneration.
  3383 | D:5      | Entered Level 5 of the Dungeon
  3384 | D:5      | 3384 ||| PLANNING SEWER
  3388 | D:5      | 3388 ||| STAIRDANCE
  3538 | D:5      | 3538 ||| STAIRDANCE
  3545 | D:4      | Reached skill level 8 in Ranged Weapons
  3703 | D:5      | Reached skill level 3 in Armour
  3731 | D:5      | Found Hobliz's Antique Armour Emporium.
  3739 | D:5      | 3739 ||| BUYING glowing ring mail (196 gold).
  3739 | D:5      | Bought a glowing ring mail for 196 gold pieces
  3739 | D:5      | 3739 ||| SHOPLISTING pair of boots (126 gold, have 79).
  3739 | D:5      | 3739 ||| SHOPLISTING runed ring mail (196 gold, have 79).
  3739 | D:5      | 3739 ||| SHOPLISTING twisted leather armour (196 gold, have
                  | 79).
  3751 | D:5      | Found a staircase to the Ecumenical Temple.
  3796 | D:5      | Found Lirodghoo's Antique Armour Boutique.
  3804 | D:5      | 3804 ||| SHOPLISTING faintly humming robe (159 gold, have
                  | 92).
  3804 | D:5      | 3804 ||| SHOPLISTING pair of boots (126 gold, have 92).
  3804 | D:5      | 3804 ||| SHOPLISTING pair of gloves (126 gold, have 92).
  3804 | D:5      | 3804 ||| SHOPLISTING silken robe (159 gold, have 92).
  3834 | D:5      | Noticed Ijyb
  3851 | D:5      | Killed Ijyb
  4005 | D:5      | Noticed Blork the orc
  4006 | D:5      | Reached XP level 8. HP: 31/68 MP: 8/8
  4006 | D:5      | 4006 ||| FLEEEEING.
  4007 | D:5      | 4007 ||| FLEEEEING.
  4008 | D:5      | 4008 ||| FLEEEEING.
  4009 | D:5      | 4009 ||| FLEEEEING.
  4010 | D:5      | 4010 ||| FLEEEEING.
  4015 | D:5      | 4015 ||| STAIRDANCE
  4083 | D:4      | Killed Natasha
  4128 | D:4      | 4128 ||| UPGRADING to +1 ring mail of poison resistance.
  4138 | D:4      | 4138 ||| DROPPING +0 ring mail.
  4139 | D:4      | 4139 ||| READING 2 scrolls of identify.
  4139 | D:4      | 4139 ||| IDENTIFYING green potion
  4140 | D:4      | 4140 ||| DROPPING potion of attraction.
  4142 | D:5      | 4142 ||| RIP SEWER
  4143 | D:5      | 4143 ||| PLANNING TEMPLE
  4143 | D:5      | 4143 ||| STAIRDANCE
  4147 | D:5      | 4147 ||| STAIRDANCE
  4151 | D:5      | 4151 ||| STAIRDANCE
  4214 | D:5      | 4214 ||| STAIRDANCE
  4218 | D:5      | 4218 ||| STAIRDANCE
  4235 | D:5      | 4235 ||| STAIRDANCE
  4239 | D:5      | 4239 ||| STAIRDANCE
  4243 | D:5      | 4243 ||| STAIRDANCE
  4247 | D:5      | 4247 ||| STAIRDANCE
  4373 | D:5      | 4373 ||| STAIRDANCE
  4379 | D:4      | Killed Blork the orc
  4443 | Temple   | Entered the Ecumenical Temple
  4520 | Temple   | 4520 ||| PLANNING OKAWARU WORSHIP
  4760 | Temple   | Became a worshipper of Warmaster Okawaru
  4761 | Temple   | 4761 ||| PLANNING D:1-11
  4817 | D:5      | 4817 ||| SWAPPING to +0 shortbow.
  4818 | D:5      | 4818 ||| DROPPING +3 sling.
  4945 | D:5      | Found an opulent altar of Gozag.
  4945 | D:5      | Found a sparkling altar of Nemelex Xobeh.
  4945 | D:5      | Noticed Prince Ribbit
  4960 | D:5      | Reached skill level 9 in Ranged Weapons
  4963 | D:5      | HP: 17/68 [scorpion (5)]
  4964 | D:5      | 4964 ||| READING 3 scrolls of teleportation.
  4968 | D:5      | HP: 11/68 [poisoned by a scorpion]
  4977 | D:5      | 4977 ||| READING 2 scrolls of teleportation.
  4978 | D:5      | 4978 ||| FLEEEEING.
  4979 | D:5      | 4979 ||| FLEEEEING.
  5261 | D:5      | 5261 ||| FLEEEEING.
  5262 | D:5      | 5262 ||| FLEEEEING.
  5268 | D:5      | 5268 ||| FLEEEEING.
  5269 | D:5      | 5269 ||| FLEEEEING.
  5272 | D:5      | 5272 ||| STAIRDANCE
  5348 | D:4      | 5348 ||| UPGRADING to ring of see invisible.
  5350 | D:4      | 5350 ||| DRINKING 2 clear potions.
  5354 | D:5      | 5354 ||| STAIRDANCE
  5358 | D:4      | 5358 ||| FLEEEEING.
  5359 | D:4      | 5359 ||| STAIRDANCE
  5425 | D:4      | Killed Prince Ribbit
  5592 | D:5      | Reached * piety under Okawaru
  5811 | D:6      | Found a runed translucent door.
  5820 | D:6      | Noticed qw's ghost (novice MiHs)
  6086 | D:6      | Reached skill level 1 in Invocations
  6105 | D:6      | 6105 ||| FLEEEEING.
  6111 | D:6      | 6111 ||| STAIRDANCE
  6144 | D:5      | 6144 ||| READING scroll labelled BONETI REENN.
  6197 | D:6      | Reached skill level 10 in Ranged Weapons
  6197 | D:6      | Reached XP level 9. HP: 68/79 MP: 9/9
  6233 | D:6      | 6233 ||| INVOKING Heroism.
  6255 | D:6      | 6255 ||| INVOKING Heroism.
  6434 | D:6      | Reached skill level 3 in Invocations
  6502 | D:6      | 6502 ||| INVOKING Heroism.
  6670 | D:6      | Noticed Sigmund
  6671 | D:6      | 6671 ||| INVOKING Heroism.
  6678 | D:6      | Killed Sigmund
  6701 | D:6      | Found a radiant altar of Vehumet.
  6701 | D:6      | Noticed Edmund
  6702 | D:6      | 6702 ||| INVOKING Heroism.
  6712 | D:6      | Killed Edmund
  7130 | D:7      | 7130 ||| INVOKING Heroism.
  7141 | D:7      | Reached skill level 11 in Ranged Weapons
  7448 | D:7      | Noticed Menkaure
  7449 | D:7      | 7449 ||| INVOKING Heroism.
  7455 | D:7      | HP: 13/79 [??? (11)]
  7456 | D:7      | 7456 ||| READING 2 scrolls of teleportation.
  7456 | D:7      | HP: 2/79 [Menkaure (11)]
  7457 | D:7      | 7457 ||| DRINKING potion of heal wounds.
  7458 | D:7      | Killed Menkaure
  7459 | D:7      | Reached skill level 12 in Ranged Weapons
  7801 | D:7      | Reached ** piety under Okawaru
  8029 | D:7      | Noticed Duvessa
  8029 | D:7      | Noticed Dowan
  8030 | D:7      | 8030 ||| INVOKING Heroism.
  8039 | D:7      | Killed Duvessa
  8043 | D:7      | Killed Dowan
  8163 | D:7      | 8163 ||| READING scroll of enchant weapon.
  8163 | D:7      | 8163 ||| ENCHANTING +0 shortbow.
  8262 | D:7      | 8262 ||| UPGRADING to +0 pair of gloves.
  8267 | D:7      | 8267 ||| READING scroll of enchant armour.
  8267 | D:7      | 8267 ||| ENCHANTING +0 pair of gloves.
  8268 | D:7      | 8268 ||| READING scroll labelled HYSINNUNUH.
  8269 | D:7      | 8269 ||| READING scroll labelled FUFIOL WEPANIMM.
  8370 | D:7      | 8370 ||| DRINKING 2 glowing puce potions.
  8371 | D:7      | 8371 ||| DROPPING potion of brilliance.
  8435 | D:8      | Reached XP level 10. HP: 76/88 MP: 12/12
  8489 | D:8      | 8489 ||| INVOKING Heroism.
  8501 | D:8      | HP: 22/88 [poisoned by a hornet]
  8506 | D:8      | 8506 ||| READING scroll of teleportation.
  8507 | D:8      | HP: 13/88 [wight/+4 mace (8)]
  8804 | D:8      | Noticed Grum
  8805 | D:8      | 8805 ||| INVOKING Heroism.
  8809 | D:8      | Reached skill level 6 in Dodging
  8825 | D:8      | 8825 ||| INVOKING Heroism.
  8829 | D:8      | Killed Grum
  8851 | D:8      | Found a broken altar of Ashenzari.
  8851 | D:8      | Found a glowing silver altar of Zin.
  8934 | D:8      | 8934 ||| INVOKING Heroism.
  9004 | D:8      | 9004 ||| INVOKING Heroism.
  9146 | D:8      | 9146 ||| SWAPPING to +0 arbalest.
  9147 | D:8      | 9147 ||| DROPPING +1 shortbow.
  9283 | D:8      | Found a hazy altar of Hepliaklqana.
  9668 | D:8      | 9668 ||| DROPPING +0 steam dragon scales.
  9669 | D:8      | 9669 ||| DROPPING +2 leather armour of cold resistance.
  9704 | D:9      | 9704 ||| INVOKING Heroism.
  9843 | D:9      | Reached skill level 13 in Ranged Weapons
 10126 | D:9      | Noticed a two-headed ogre
 10127 | D:9      | 10127 ||| INVOKING Heroism.
 10139 | D:9      | Killed a two-headed ogre
 10140 | D:9      | Reached skill level 9 in Fighting
 10274 | D:9      | 10274 ||| INVOKING Heroism.
 10373 | D:9      | 10373 ||| Stepping ~*~*~tactically~*~*~ (outnumbered).
 10375 | D:9      | 10375 ||| INVOKING Heroism.
 10576 | D:9      | 10576 ||| SWAPPING to +0 longbow.
 10577 | D:9      | 10577 ||| DROPPING +0 arbalest.
 10659 | D:9      | Noticed a two-headed ogre
 10660 | D:9      | 10660 ||| INVOKING Heroism.
 10666 | D:9      | Killed a two-headed ogre
 10773 | D:9      | 10773 ||| READING 2 scrolls of identify.
 10773 | D:9      | 10773 ||| IDENTIFYING sedimented clear potion
 10774 | D:9      | 10774 ||| DROPPING potion of ambrosia.
 10790 | D:10     | Entered Level 10 of the Dungeon
 10803 | D:10     | Reached skill level 14 in Ranged Weapons
 10841 | D:10     | 10841 ||| Stepping ~*~*~tactically~*~*~ (outnumbered).
 10853 | D:10     | 10853 ||| INVOKING Heroism.
 10858 | D:10     | Reached XP level 11. HP: 56/97 MP: 10/13
 11028 | D:10     | Found a staircase to the Lair.
 11029 | D:10     | 11029 ||| INVOKING Heroism.
 11224 | D:10     | 11224 ||| READING scroll of enchant armour.
 11224 | D:10     | 11224 ||| ENCHANTING +1 pair of gloves.
 11230 | D:10     | Found a shadowy altar of Dithmenos.
 11236 | D:10     | Reached *** piety under Okawaru
 11836 | D:10     | 11836 ||| PLANNING LAIR
 11836 | D:10     | 11836 ||| READING scroll labelled JOSHIH VEPO.
 11837 | D:10     | 11837 ||| READING 2 scrolls of identify.
 11837 | D:10     | 11837 ||| IDENTIFYING brown potion
 11838 | D:10     | 11838 ||| DROPPING potion of invisibility.
 11888 | Lair:1   | Entered Level 1 of the Lair of Beasts
 11890 | Lair:1   | 11890 ||| INVOKING Heroism.
 11902 | Lair:1   | HP: 24/99 [poisoned by a cane toad]
 11903 | Lair:1   | 11903 ||| DRINKING potion of heal wounds.
 11907 | Lair:1   | HP: 17/99 [poisoned by a cane toad]
 11907 | Lair:1   | HP: 2/99 [cane toad (15)]
 11908 | Lair:1   | Succumbed to a cane toad's poison

Levels and vault maps discovered:
D:1:      dpeg_arrival_long_road, layout_loops_ring, minivault_23
D:2:      layout_loops_ring, chequers_ecumenical_altar_lobes, minmay_3d_cube,
          uniq_robin, uniq_crazy_yiuf_cottage
D:3:      layout_loops_ring, nicolae_wu_jian_wuxing_cycle,
          hangedman_decor_growths, feat_on_display
D:4:      layout_loops_ring, mainiacjoe_overflow_boulevard, tgw_kikubaaqudgha,
          uniq_natasha
D:5:      layout_loops_ring, grunt_temple_overflow_opulence,
          minmay_temple_entry_waves, portal_sewer_entry_a, serial_shops,
          nicolae_shop_peninsula, nicolae_shop_overgrown_old_shop,
          small_statue_intersection, minmay_fractal_squares_gapless_5,
          uniq_blork_the_orc, uniq_ijyb, uniq_prince_ribbit1
D:6:      layout_loops_corners, mainiacjoe_overflow_alcove_2, serial_bayou,
          serial_bayou_pond_a, serial_bayou_crossing, serial_bayou_ford_a,
          serial_bayou_pond_b, gammafunk_ghost_grave, uniq_edmund, uniq_sigmund
D:7:      layout_gridville, st_stairs_1, uniq_menkaure, uniq_duvessa
D:8:      kennysheep_blocky_hall, layout_gridville,
          gammafunk_temple_overflow_statue, mainiacjoe_overflow_six_doors_small,
          kennysheep_generic_room_15, uniq_grum
D:9:      layout_basic
D:10:     layout_cave_pods, overflow_temple_1_default,
          grunt_lair_entry_orc_guard_hut, hangedman_decor_points
Temple:   minmay_temple_forest_path
Lair:1:   layout_long_grid, grunt_megastairs_2

Skill      XL: |  1  2  3  4  5  6  7  8  9 10 11 |
---------------+----------------------------------+-----
Ranged Weapons | 3 4 5 6 7 8 10 12 14 | 14.5
Fighting       | 2 3 4 5 7 8 9 10 | 10.0
Armour         | 1 3 4 |  4.0
Dodging        | 3 4 5 6 7 |  7.1
Invocations    | 2 4 |  4.1
Spellcasting   | |  1.0
Hexes          | |  2.0

Action                     |  1- 3 |  4- 6 |  7- 9 | 10-12 || total
---------------------------+-------+-------+-------+-------++-------
   Fire: Sling             |   106 |   149 |    80 |       ||   335
         Shortbow          |       |       |   304 |    79 ||   383
         Arbalest          |       |       |       |    62 ||    62
         Longbow           |       |       |       |   115 ||   115
 Invoke: Heroism           |       |       |     8 |    13 ||    21
    Use: Scroll            |     3 |     6 |    11 |     5 ||    25
         Potion            |       |     1 |     5 |     1 ||     7
 Armour: Robe              |     3 |       |       |       ||     3
         Ring mail         |    10 |    18 |    79 |    37 ||   144
  Dodge: Dodged            |    20 |    28 |   189 |    98 ||   335

Table legend:
 A = Non-vault XP
 B = Vault XP
 C = Vault XP percentage of total XP
 D = Non-vault monster count
 E = Vault monster count
 F = Vault count percentage of total count
                 A         B        C        D         E       F
            +---------+---------+-------+---------+---------+-------
      Total |   10072 |    4170 |  29.3 |     178 |      54 |  23.3
            +---------+---------+-------+---------+---------+-------
        D:1 |      35 |       0 |   0.0 |      23 |       0 |   0.0
        D:2 |      44 |      44 |  50.0 |      16 |      16 |  50.0
        D:3 |      49 |       0 |   0.0 |      13 |       0 |   0.0
        D:4 |     953 |     399 |  29.5 |      31 |       3 |   8.8
        D:5 |     636 |     282 |  30.7 |      10 |       9 |  47.4
        D:6 |     488 |     873 |  64.1 |      16 |       7 |  30.4
        D:7 |    1157 |     499 |  30.1 |      17 |       4 |  19.0
        D:8 |     452 |    1438 |  76.1 |       9 |      10 |  52.6
        D:9 |    2832 |       0 |   0.0 |      20 |       0 |   0.0
       D:10 |    2443 |     635 |  20.6 |      20 |       5 |  20.0
     Lair:1 |     983 |       0 |   0.0 |       3 |       0 |   0.0
            +---------+---------+-------+---------+---------+-------
